AoeStats
← 拿完赏金就赶紧跑路吧

African Clearing

504207436Analyzed
4v4 RM · 28d ago on Sep 4, 2026· 58m 9s· 8 players
Game mode
Random Map
Map size
Large (8 player)
Population
200
Speed
Normal
Resources
Standard
Victory
Conquest
Starting age
Dark Age
Ending age
Imperial Age
RankedLock teamsTeams togetherTeam positionsShared explorationLock speedFull tech treeHidden civsTurbo modeCheats
Victory
Defeat
1037
+15
🇨🇳 Japanese · China
1028
+16
🇩🇪 Bulgarians · Germany
1024
+16
🇮🇹 Tatars · Italy
981
+18
🇹🇼 Aztecs · Taiwan
1052
-18
🇨🇳 Portuguese · China
1036
-17
1002
-15
🇨🇳 Portuguese · China
1001
-15
Crack_in_Time
8:51 Loom
13:37 Feudal Age
14:24 Double-Bit Axe
16:43 Scale Mail Armor
21:18 Castle Age
19:49 Fletching
27:41 Bow Saw
28:55 Horse Collar
30:53 Scale Barding Armor
31:07 Heavy Plow
32:14 Town Watch
33:07 Wheelbarrow
32:48 Forging
34:30 Chain Barding Armor
38:29 Imperial Age
36:28 Padded Archer Armor
37:21 Hand Cart
37:04 Bodkin Arrow
38:49 Gold Mining
39:45 Crop Rotation
39:40 Conscription
39:03 Capped Ram
40:34 Stirrups
40:29 Siege Ram
40:40 Siege Ram
44:30 Plate Barding Armor
44:39 Gold Shaft Mining
44:48 Bagains
44:36 Heavy Scorpion
47:59 Elite Konnik
49:18 Iron Casting
48:31 Town Watch
49:48 Stone Mining
51:41 Stone Shaft Mining
51:54 Masonry
52:05 Ballistics
52:48 Blast Furnace
52:07 Chain Mail Armor
55:46 Plate Mail Armor
J'aimeTropTonBoule [French]
9:30 Loom
13:16 Feudal Age
23:52 Castle Age
38:42 Fletching
38:53 Padded Archer Armor
39:16 Elite Skirmisher
40:49 Horse Collar
45:36 Imperial Age
45:53 Imperial Skirmisher
46:38 Thumb Ring
47:56 Leather Archer Armor
50:54 Bodkin Arrow
51:24 Ballistics
52:10 Chemistry
52:41 Wheelbarrow
51:52 Town Watch
52:42 Heavy Plow
54:54 Hand Cart
54:39 Town Patrol
55:14 Paper Money
56:02 Gold Mining
56:04 Stone Mining
57:59 Capped Ram
83716497273
9:14 Loom
16:27 Feudal Age
16:55 Fishing Lines
17:00 Double-Bit Axe
24:16 Castle Age
23:07 Stone Mining
24:48 Gillnets
25:09 Bow Saw
25:35 Wheelbarrow
26:49 Gold Mining
28:37 Gold Shaft Mining
27:44 Man-at-Arms
28:25 Squires
28:21 Horse Collar
28:39 Long Swordsman
29:05 Gambesons
29:35 Heavy Plow
30:15 Scale Mail Armor
30:25 Forging
31:10 Arson
31:41 Chain Mail Armor
33:04 Iron Casting
33:22 Hand Cart
32:53 Town Watch
36:32 Imperial Age
36:40 Imperial Age
34:59 Treadmill Crane
35:25 Fletching
36:31 Bodkin Arrow
36:39 Yasama
36:54 Guard Tower
38:27 Two-Man Saw
37:48 Town Patrol
37:21 Two-Handed Swordsman
38:32 Plate Mail Armor
39:02 Blast Furnace
38:03 Bracer
38:55 Keep
38:53 Champion
39:40 Arrowslits
40:55 Chemistry
40:16 Ballistics
39:52 Murder Holes
40:08 Masonry
40:57 Siege Engineers
41:25 Fortified Wall
41:49 Conscription
42:01 Kataparuto
43:04 Coinage
50:32 Onager
54:12 Banking
CHFSwissMade
11:59 Loom
14:30 Feudal Age
24:39 Castle Age
24:37 Bloodlines
28:12 Husbandry
27:32 Light Cavalry
29:49 Town Watch
32:17 Scale Barding Armor
32:26 Forging
33:30 Chain Barding Armor
35:40 Iron Casting
35:06 Padded Archer Armor
34:57 Fletching
39:29 Wheelbarrow
42:05 Bodkin Arrow
42:25 Leather Archer Armor
57:30 Imperial Age
55:17 Hand Cart
55:02 Town Patrol
eiddiechan
4:21 Loom
14:31 Feudal Age
19:23 Castle Age
19:39 Forging
19:20 Double-Bit Axe
19:20 Horse Collar
21:16 Wheelbarrow
22:36 Scale Mail Armor
37:39 Imperial Age
36:26 Pikeman
37:08 Squires
37:57 Ballistics
38:56 Garland Wars
38:57 Conscription
39:26 Eagle Warrior
41:43 Chain Mail Armor
42:04 Iron Casting
44:35 Elite Eagle Warrior
49:46 Chemistry
49:45 Hand Cart
51:04 Blast Furnace
拿完赏金就赶紧跑路吧
4:54 Loom
14:51 Feudal Age
25:44 Castle Age
34:27 Fletching
35:14 Double-Bit Axe
36:21 Murder Holes
38:02 Bodkin Arrow
38:44 Horse Collar
53:35 Bow Saw
54:41 Bloodlines
Tony662660
16:39 Feudal Age
17:45 Gold Mining
18:29 Loom
21:32 Castle Age
21:36 Stone Mining
27:16 Imperial Age
25:54 Double-Bit Axe
32:07 Bow Saw
31:59 Treadmill Crane
34:24 Chemistry
33:38 Fortified Wall
33:15 Town Watch
34:28 Fletching
35:16 Wheelbarrow
34:42 Town Patrol
35:48 Two-Man Saw
36:06 Bodkin Arrow
37:15 Hand Cart
37:41 Stone Shaft Mining
37:18 Masonry
37:29 Ballistics
38:18 Town Patrol
38:30 Siege Engineers
40:17 Bracer
41:07 Architecture
40:35 Murder Holes
40:52 Careening
42:00 Coinage
41:43 Guilds
42:21 Elite Cannon Galleon
42:54 Guard Tower
43:25 Dry Dock
42:57 Heated Shot
44:18 Banking
45:48 Padded Archer Armor
45:53 Scale Barding Armor
45:49 Scale Mail Armor
47:20 Chain Barding Armor
47:25 Arquebus
47:45 Conscription
51:13 Conscription
50:56 Arquebus
53:04 Pikeman
53:29 Arson
54:39 Guilds
沙正街小霸王
4:57 Loom
13:50 Feudal Age
15:25 Horse Collar
22:29 Castle Age
25:29 Wheelbarrow
34:52 Heavy Plow
34:41 Double-Bit Axe
36:55 Hand Cart
38:26 Fishing Lines
53:26 Imperial Age
53:14 Ballistics
53:19 Masonry
Connection lost

Rejoining the realm…

Still unreachable

The connection could not be restored.

Session expired

The server has moved on; the page needs a fresh start.